 Dungeon Crawl Stone Soup version 0.28-a0-863-g8cecda6153 (webtiles) character file.

Game seed: 10654687855541105060

1743 bande the Chopper (level 9, -4/54 HPs)
             Began as a Gargoyle Fighter on Nov 19, 2021.
             Was a Follower of Okawaru.
             Slain by a killer bee (6 damage)
             ... on level 6 of the Dungeon.
             The game lasted 00:11:00 (7790 turns).

bande the Chopper (Gargoyle Fighter)                Turns: 7790, Time: 00:11:01

Health: -4/54      AC: 23    Str: 21    XL:     9   Next: 5%
Magic:  11/11      EV:  6    Int:  9    God:    Okawaru [*.....]
Gold:   389        SH:  5    Dex: 11    Spells: 8/8 levels left

rFire   . . .      SeeInvis .   a - +1 war axe (protect)
rCold   . . .      Faith    .   c - +0 buckler
rNeg    + . .      Spirit   .   h - +0 plate armour
rPois   ∞          Reflect  .   f - +0 helmet
rElec   +          Harm     .   m - +0 cloak
rCorr   .          Rampage  .   o - +0 pair of gloves
Will    +....                   g - +0 pair of boots
Stlth   ..........              (no amulet)
HPRegen 0.18/turn               i - ring of willpower
MPRegen 0.12/turn               (no ring)

@: no status effects
A: sickness immunity, AC +6, negative energy resistance 1, electricity
resistance, torment resistance 1, petrification resistance
a: Renounce Religion, Heroism


You were on level 6 of the Dungeon.
You worshipped Okawaru.
Okawaru was aware of your devotion.
You visited 2 branches of the dungeon, and saw 8 of its levels.

You collected 389 gold pieces.

Inventory:

Hand Weapons
 a - a +1 war axe of protection (weapon)
 k - a +0 flail
Armour
 c - a +0 buckler (worn)
 f - a +0 helmet (worn)
 g - a +0 pair of boots (worn)
 h - a +0 plate armour (worn)
 m - a +0 cloak (worn)
 o - a +0 pair of gloves (worn)
Jewellery
 i - a ring of willpower (left hand)
 q - an amulet of guardian spirit
Wands
 n - a wand of paralysis (9)
 w - a wand of acid (7)
Scrolls
 p - a scroll of blinking {unknown}
 s - a scroll of identify {unknown}
Potions
 b - 3 potions of curing {unknown}
 d - 2 potions of might
 e - 3 potions of heal wounds {unknown}
 j - a potion of attraction {unknown}
 l - a potion of resistance {unknown}
 r - 2 potions of degeneration {unknown}
 t - a potion of invisibility {unknown}
 u - a potion of mutation {unknown}
 v - a potion of cancellation {unknown}


   Skills:
 + Level 5.5 Fighting
 + Level 7.3 Axes
 + Level 5.7 Armour
 + Level 1.4 Stealth
 + Level 4.8 Shields
 * Level 3.1 Invocations
 * Level 2.3 Evocations


You had 8 spell levels left.
You didn't know any spells.
Your spell library contained the following spells:

 Spells                   Type           Power      Damage    Failure   Level
 Slow                     Hex            0%         N/A       100%        1
 Ensorcelled Hibernation  Hex/Ice        0%         N/A       100%        2
 Confusing Touch          Hex            0%         N/A       100%        3
 Yara's Violent Unravell  Hex/Tmut       0%         3d3       100%        5
 Tukima's Dance           Hex            Unusable   N/A       N/A         3

Dungeon Overview and Level Annotations

Branches:
Dungeon (7/15)             Temple (1/1) D:4

Altars:
Ashenzari
Dithmenos
Elyvilon
Fedhas
Hepliaklqana
Kikubaaqudgha
Makhleb
Nemelex Xobeh
Okawaru
Qazlal
Ru
Uskayaw
Wu Jian
Zin
The Shining One

Shops:
D:2 (


Innate Abilities, Weirdness & Mutations

You are immune to sickness and miasma.
Your stone body is resilient. (AC +6)
You are immune to poison.
You resist negative energy. (rN+)
You are resistant to electric shocks. (rElec)
You are resistant to unholy torment.
You are immune to petrification.


Message History

You hit the killer bee.
You kill the killer bee!
Okawaru accepts your kill.
You miss the killer bee.
The killer bee stings you but does no damage.
You block the killer bee's attack. The killer bee stings you.
* * * LOW HITPOINT WARNING * * *
The killer bee stings you but does no damage.
There is a stone staircase leading down here.
The killer bee stings you but does no damage.
You block the killer bee's attack. The killer bee stings you.
* * * LOW HITPOINT WARNING * * *
The killer bee stings you but does no damage.
There is a stone staircase leading down here.
You barely miss the killer bee.
The killer bee is heavily wounded.
The killer bee stings you but does no damage.
The killer bee stings you.
* * * LOW HITPOINT WARNING * * *
You miss the killer bee.
The killer bee is heavily wounded.
The killer bee stings you.
* * * LOW HITPOINT WARNING * * *
You block the killer bee's attack.
The killer bee stings you but does no damage.
You closely miss the killer bee.
The killer bee is heavily wounded.
The killer bee stings you.
* * * LOW HITPOINT WARNING * * *
The killer bee stings you.
* * * LOW HITPOINT WARNING * * *
You completely miss the killer bee.
The killer bee is heavily wounded.
The killer bee barely misses you. x2
You miss the killer bee.
The killer bee is heavily wounded.
The killer bee stings you.
You die...

###########
##########.........#
#####..........#######.#
#............### #.#
#.###.######.# #.#
........# #.#########.#
#.###.#.#
#.#.........########
#.###(#.#
#.#..y.............#
......#.#
#.#.†@.....#######.#
#.##..#.####..........# #.#
#.#...#...............# #.#
#.#..#########........###
#.# .....##### #..........#
#.# ....<.##.##
###.####...### #.#
..###.#.#.######.##.......#
#.# #.#
#..###................#
#.## ..###.##
##...............# #..##


You could see a killer bee.

Vanquished Creatures
  Grinder (D:3)
  2 water moccasins
  3 ogres
  A centaur (D:5)
  A phantom (D:3)
  A water moccasin skeleton (D:6)
  4 killer bees (D:6)
  A howler monkey (D:6)
  4 hounds
  An orc priest (D:5)
  4 bullfrog skeletons
  2 centaur skeletons (D:6)
  2 iguanas (D:6)
  4 orc wizards
  A killer bee zombie (D:6)
  A howler monkey skeleton (D:6)
  5 adders
  3 gnolls (D:4)
  2 shadow imps
  An adder skeleton (D:4)
  3 dart slugs
  18 orcs
  4 endoplasms (D:1)
  4 giant cockroaches
  5 goblins
  5 hobgoblins (D:1)
  8 jackals
  2 quokkas (D:1)
  4 ball pythons
  5 bats
  2 frilled lizards (D:1)
  4 kobolds
  4 rats
112 creatures vanquished.

Notes
Turn   | Place    | Note
-------+----------+-------------------------------------------
     0 | D:1      | bande the Gargoyle Fighter began the quest for the Orb.
     0 | D:1      | Reached XP level 1. HP: 14/14 MP: 1/1
    94 | D:1      | Reached XP level 2. HP: 14/19 MP: 2/2
   297 | D:1      | Reached skill level 2 in Axes
   592 | D:1      | Reached XP level 3. HP: 23/23 MP: 3/3
   759 | D:1      | Found a faded altar of an unknown god.
  1929 | D:2      | Found Cavun's Antique Weapon Boutique.
  2334 | D:3      | Reached skill level 3 in Axes
  2334 | D:3      | Reached XP level 4. HP: 27/28 MP: 4/4
  2791 | D:3      | Noticed Grinder
  2826 | D:3      | Reached skill level 1 in Stealth
  2828 | D:3      | Killed Grinder
  2829 | D:3      | Reached skill level 4 in Axes
  2829 | D:3      | Reached XP level 5. HP: 15/33 MP: 5/5
  2829 | D:3      | Reached XP level 6. HP: 17/38 MP: 6/6
  3590 | D:4      | Reached skill level 5 in Axes
  3645 | D:4      | Reached XP level 7. HP: 11/43 MP: 7/7
  3875 | D:3      | Reached skill level 5 in Armour
  4701 | D:4      | Found a staircase to the Ecumenical Temple.
  4711 | Temple   | Entered the Ecumenical Temple
  4818 | Temple   | Became a worshipper of Warmaster Okawaru
  5564 | D:5      | Entered Level 5 of the Dungeon
  5639 | D:5      | Found a white marble altar of Elyvilon.
  5682 | D:5      | Reached skill level 1 in Invocations
  5682 | D:5      | Reached skill level 1 in Evocations
  5682 | D:5      | Reached XP level 8. HP: 48/48 MP: 8/8
  5755 | D:5      | Reached skill level 6 in Axes
  6092 | D:5      | Reached skill level 5 in Fighting
  6859 | D:6      | Reached * piety under Okawaru
  7520 | D:7      | Reached skill level 7 in Axes
  7585 | D:6      | Reached XP level 9. HP: 23/54 MP: 11/11
  7788 | D:6      | HP: 2/54 [killer bee (2)]
  7790 | D:6      | Slain by a killer bee

Illustrated notes

Levels and vault maps discovered:
D:1:      lightli_arrival_statuegarden, layout_rooms, basic_ecumenical_altar,
          minmay_tromino_i4
D:2:      layout_loops_corners, serial_shops, nicolae_shop_behind_doors,
          chequers_serial_rivers_small_3
D:3:      layout_loops_ring, minmay_misc_feat_chi, uniq_grinder
D:4:      layout_loops_ring, lemuel_temple_firewalk_b, minmay_misc_feat_cross
D:5:      layout_loops_ring, elyvilon_altar_1
D:6:      layout_loops_ring, hangedman_decor_points, minmay_fractal_squares_5
D:7:      layout_layer_cave
Temple:   mainiacjoe_temple_hex_bubbles

Skill      XL: |  1  2  3  4  5  6  7  8 |
---------------+-------------------------+-----
Axes           | 2 3 4 5 7 |  7.3
Stealth        | 1 |  1.4
Fighting       | 4 5 |  5.5
Armour         | 4 5 |  5.7
Shields        | 4 |  4.8
Invocations    | 1 3 |  3.1
Evocations     | 1 2 |  2.3

Action                   |  1- 3 |  4- 6 |  7- 9 || total
-------------------------+-------+-------+-------++-------
Melee: War axe           |   115 |    76 |   285 ||   476
  Use: Scroll            |     3 |       |     4 ||     7
Armor: Scale mail        |    34 |       |       ||    34
       Plate armour      |    64 |    52 |   327 ||   443
Dodge: Dodged            |    47 |    19 |   124 ||   190
Block: Buckler           |    22 |    10 |   100 ||   132

Table legend: (Time is in decaauts)
 A = Elapsed time spent in this place.
 B = Non-inter-level travel time spent in this place.
 C = Inter-level travel time spent in this place.
 D = Time resting spent in this place.
 E = Time spent auto-exploring this place.
 F = Levels seen in this place.
 G = Mean time per level.
                   A        B        C        D        E       F      G
               +--------+--------+--------+--------+--------+-----+--------+
         Total |   7927 |   7892 |     35 |   1951 |   4488 |   8 |  990.9 |
       Dungeon |   7784 |   7749 |     35 |   1951 |   4385 |   7 | 1112.0 |
        Temple |    142 |    142 |      0 |      0 |    103 |   1 |  142.0 |
               +--------+--------+--------+--------+--------+-----+--------+

Top non-repeatable levels by time:
     D:3: 1922 daAuts
     D:4: 1347 daAuts
     D:1: 1341 daAuts
     D:6: 1288 daAuts
     D:5: 915 daAuts
     D:2: 910 daAuts
  Temple: 142 daAuts
     D:7: 58 daAuts
